 Seeded DCSS version 0.30-a0-371-gad7725a93e (webtiles) character file.

Game seed: 12460970759821053352 (custom seed)

61 innerfire433 the Poker (level 3, -3/29 HPs)
             Began as a Demonspawn Monk on Nov 22, 2022.
             Slain by a gnoll
             ... wielding a +0 spear
              (5 damage)
             ... on level 2 of the Dungeon.
             The game lasted 00:02:42 (1264 turns).

innerfire433 the Poker (Demonspawn Monk)            Turns: 1264, Time: 00:02:43

Health: -3/29      AC:  3    Str: 13    XL:     3   Next: 83%
Magic:  4/4        EV: 13    Int: 19    God:
Gold:   78         SH:  0    Dex: 15    Spells: 4/4 levels left

rFire   . . .      SeeInvis .    a - +0 spear
rCold   . . .      Faith    .    (no shield)
rNeg    . . .      Spirit   .    b - +0 robe
rPois   .          Reflect  .    (no helmet)
rElec   .          Harm     .    (no cloak)
rCorr   .          Rampage  .    (no gloves)
Will    .....                    k - +0 pair of boots
Stlth   ++........               e - amulet of magic regeneration
HPRegen 0.24/turn                i - +6 ring of intelligence
MPRegen 0.49/turn                (no ring)

@: no status effects
A: big brain 1
a: no special abilities


You were on level 2 of the Dungeon.
You visited 1 branch of the dungeon, and saw 2 of its levels.

You collected 78 gold pieces.

Inventory:

Hand Weapons
 a - a +0 spear (weapon)
Armour
 b - a +0 robe (worn)
 k - a +0 pair of boots (worn)
Jewellery
 e - an amulet of magic regeneration (around neck)
 i - a +6 ring of intelligence (left hand)
Scrolls
 f - a scroll of teleportation
 g - a scroll of immolation
 h - a scroll of enchant weapon {unknown}
 l - a scroll of noise {unknown}
 m - a scroll of amnesia {unknown}
Potions
 n - 2 potions of curing {unknown}


   Skills:
 + Level 3.4 Fighting
 * Level 3.4 Polearms
 + Level 3.1 Dodging
 - Level 1.7 Stealth
 + Level 1.2 Spellcasting


You had 4 spell levels left.
You didn't know any spells.
Your spell library was empty.

Dungeon Overview and Level Annotations

Branches:
Dungeon (2/15)

Altars:


Innate Abilities, Weirdness & Mutations

You have an unusually large brain. (Int +2)


Message History

The gnoll barely misses you.
You are too injured to fight recklessly!
You feel much better.
The gnoll hits you from afar with a +0 spear!
The gnoll misses you.
You are confused.
You feel invigorated. The gnoll misses you.
The gnoll hits you from afar with a +0 spear.
You are too confused!
You are too confused!
You are too confused!
You bump into the rock wall.
The gnoll hits you with a +0 flail. The gnoll closely misses you.
You bump into the rock wall.
The gnoll hits you from afar with a +0 spear!
The gnoll barely misses you.
The gnoll hits you from afar with a +0 spear.
You see here a +0 whip.
You bump into the rock wall.
The gnoll hits you from afar with a +0 spear.
The gnoll misses you.
You bump into the rock wall.
You feel less invigorated.
You feel less confused. The gnoll hits you with a +0 flail.
The gnoll hits you from afar with a +0 spear.
You hit the gnoll.
The gnoll is lightly wounded.
You closely miss the gnoll.
The gnoll is lightly wounded.
The gnoll closely misses you. The gnoll hits you with a +0 flail!
A quokka comes into view.
You hit the gnoll but do no damage.
The gnoll is lightly wounded.
The gnoll hits you from afar with a +0 spear.
The gnoll hits you with a +0 flail!
* * * LOW HITPOINT WARNING * * *
You hit the gnoll but do no damage.
The gnoll is lightly wounded.
The gnoll hits you from afar with a +0 spear.
You die...

#.......##.#
##.<.#.###.# #.#
#....#.# #.# #.#
.......###.# #.#
...........#####.##
##.########........
##.# #####.####.##
# ##.# #.....#
#g##.#### ##.#
#.##### #@.gr....
##.# #.# #)##.####
##.# #.# #.#
##.####.########(#
##......##....<..#
...........#######
#####. ##
###.######## #.....
..# #.#
#####.###.###.##
#.#
#..........##...


You could see 2 gnolls and a quokka.

Vanquished Creatures
  2 gnolls (D:2)
  An adder (D:2)
  A dart slug (D:1)
  2 ball pythons
  2 endoplasms (D:2)
  2 giant cockroaches
  9 goblins
  A hobgoblin (D:1)
  2 quokkas (D:1)
  3 bats
  2 frilled lizards (D:2)
  A kobold (D:2)
  A rat (D:2)
29 creatures vanquished.

Vanquished Creatures (others)
  3 plants (D:2)
3 creatures vanquished.

Grand Total: 32 creatures vanquished

Notes
Turn   | Place    | Note
-------+----------+-------------------------------------------
     0 | D:1      | innerfire433 the Demonspawn Monk began the quest for the
                  | Orb.
     0 | D:1      | Reached XP level 1. HP: 18/18 MP: 1/1
   218 | D:1      | Gained mutation: You have an unusually large brain. (Int
                  | +2) [demonic ancestry]
   218 | D:1      | Reached XP level 2. HP: 24/24 MP: 2/2
   775 | D:2      | Reached XP level 3. HP: 27/29 MP: 4/4
   792 | D:2      | Reached skill level 1 in Spellcasting
  1264 | D:2      | Slain by a gnoll

Illustrated notes

Levels and vault maps discovered:
D:1:      ncdulo_watergridlock, layout_loops_ring,
          minmay_misc_feat_secret_circle
D:2:      layout_loops_ring, serial_bayou_pond_e

Skill      XL: |  1  2  3 |
---------------+----------+-----
Polearms       | 3 |  3.4
Dodging        | 3 |  3.1
Spellcasting   | 1 |  1.2
Fighting       | |  3.4
Stealth        | |  1.7

Action                   || total
-------------------------++-------
Melee: Spear             ||   103
       Punch             ||     1
  Use: Potion            ||     4
       Scroll            ||     2
 Stab: Sleeping          ||     5
Armor: Robe              ||    19
       Skin              ||     3
Dodge: Dodged            ||    64

Table legend: (Time is in decaauts)
 A = Elapsed time spent in this place.
 B = Non-inter-level travel time spent in this place.
 C = Inter-level travel time spent in this place.
 D = Time resting spent in this place.
 E = Time spent auto-exploring this place.
 F = Levels seen in this place.
 G = Mean time per level.
                   A        B        C        D        E       F      G
               +--------+--------+--------+--------+--------+-----+--------+
         Total |   1258 |   1202 |     56 |      0 |    830 |   2 |  629.0 |
       Dungeon |   1258 |   1202 |     56 |      0 |    830 |   2 |  629.0 |
               +--------+--------+--------+--------+--------+-----+--------+

Top non-repeatable levels by time:
     D:1: 688 daAuts
     D:2: 570 daAuts
